 Dungeon Crawl Stone Soup version 0.18-a0-1683-gf9322e6 (webtiles) character file.

66195 namelastname112 the Fencer (level 14, -20/129 HPs)
             Began as a Grey Draconian Berserker on Apr 4, 2016.
             Was a High Priest of Trog.
             Demolished by an ettin
             ... wielding a +0 dire flail
              (35 damage)
             ... on level 1 of the Depths.
             The game lasted 00:48:40 (24516 turns).

namelastname112 the Fencer (DrBe)                  Turns: 24516, Time: 00:48:41

Health: -20/129    AC: 23    Str: 20    XL:     14   Next: 78%
Magic:  14/14      EV: 18    Int:  9    God:    Trog [*****.]
Gold:   1203       SH: 12    Dex: 14    Spells: 0 memorised, 13 levels left

rFire  . . .     SeeInvis .     L - +3 scimitar (freeze)
rCold  + . .     Gourm    .     (armour unavailable)
rNeg   . . .     Faith    .     Q - +0 shield {reflect}
rPois  .         Spirit   .     H - +2 hat
rElec  .         Dismiss  .     R - +1 cloak {MR+}
rCorr  .         Reflect  +     a - +0 pair of gloves
SustAt .         Harm     .     z - +0 pair of boots {run}
MR     ++...                    v - amulet of magic regeneration
Stlth  +.........               s - +3 ring of protection
                                d - ring of protection from cold

@: exhausted, about to teleport, slowed, very slow, very resistant to hostile
enchantments, very unstealthy
A: walk through water, unfitting armour, shaggy fur 1, unbreathing,
cold-blooded, AC +13
a: Berserk, Trog's Hand, Brothers in Arms, Burn Spellbooks, Renounce Religion


You were on level 1 of the Depths.
You worshipped Trog.
Trog was extremely pleased with you.
You were near starving.

You visited 2 branches of the dungeon, and saw 16 of its levels.
You also visited: Ossuary and Ice Cave.

You collected 1203 gold pieces.

Inventory:

Hand Weapons
 J - a +2 scimitar of flaming
 L - a +3 scimitar of freezing (weapon)
Missiles
 G - 2 throwing nets (quivered)
Armour
 a - a +0 pair of gloves (worn)
 q - the +0 pair of boots of Fedhas's Approval {rF- rC+ rCorr Stlth+}
   (You found it on level 5 of the Dungeon)

   It makes you vulnerable to fire.
   It protects you from cold.
   It protects you from acid and corrosion.
   It makes you more stealthy.
 z - a +0 pair of boots of running (worn)
 H - a +2 hat (worn)
 Q - a +0 shield of reflection (worn)
 R - a +1 cloak of magic resistance (worn)
Jewellery
 d - a ring of protection from cold (left hand)
 o - an uncursed ring of see invisible
 s - a +3 ring of protection (right hand)
 v - an amulet of magic regeneration (around neck)
 y - an uncursed ring of poison resistance
 O - an uncursed ring of flight
 P - the ring "Baituw" {Ice rPois rN+ Stlth+}
   (You found it on level 15 of the Dungeon)

   [ring of ice]

   It enhances your ice magic, and weakens your fire magic.
   It makes you vulnerable to fire.
   It protects you from cold.
   It protects you from poison.
   It protects you from negative energy.
   It makes you more stealthy.
Wands
 r - a wand of lightning (8/15)
 u - a wand of heal wounds (0/9)
 C - a wand of polymorph (0/24)
 I - a wand of slowing (23/48)
 N - a wand of heal wounds (3/9)
 U - a wand of teleportation (4/9)
Scrolls
 c - 4 scrolls of remove curse
 e - a scroll of summoning
 h - a scroll of enchant weapon
 i - 3 scrolls of fog
 m - 3 scrolls of teleportation
 n - 2 scrolls of recharging
 t - a scroll of identify
 x - 4 scrolls of enchant armour
 M - 3 scrolls of magic mapping
Potions
 f - 5 potions of cure mutation
 g - 4 potions of might
 j - 2 potions of heal wounds
 k - a potion of flight
 l - 4 potions of haste
 p - 7 potions of curing
 w - 4 potions of brilliance
 B - 3 potions of agility
 D - a potion of berserk rage
 E - a potion of magic
 F - 2 potions of ambrosia
Miscellaneous
 S - a phial of floods
Comestibles
 b - 8 bread rations
 A - 21 fruits


   Skills:
 + Level 13.4 Fighting
 * Level 17.0 Long Blades
 + Level 11.7 Dodging
 + Level 9.6 Shields


You had 13 spell levels left.
You didn't know any spells.

Dungeon Overview and Level Annotations

Branches:
Dungeon (15/15)            Temple (0/1) D:4            Lair (0/8) D:9
    Orc (0/2) D:9          Vaults (0/5) D:14         Depths (1/5) D:15

Altars:
Ashenzari
Elyvilon
Fedhas
Gozag
Kikubaaqudgha
Nemelex Xobeh
Pakellas
Qazlal
Trog
Vehumet
The Shining One

Portals:
Hell: Depths:1
Ziggurat: Depths:1

Annotations:
D:6 namelastname112's ghost, novice DrBe
D:14 Norris
Depths:1 namelastname112's ghost, journeyman DrBe


Innate Abilities, Weirdness & Mutations

You can walk through water.
Your dull iron-grey scales are very hard (AC +13).
Your body does not fit into most forms of armour.
You can survive without breathing.
You are cold-blooded and may be slowed by cold attacks.
You are covered in fur (AC +1).


Message History

The white ugly thing barely misses you.
The green ugly thing stings you but does no damage.
The ettin hits you with a dire flail!!
* * * LOW HITPOINT WARNING * * *
The ettin misses you.
You block the white ugly thing's attack.
A tengu warrior comes into view. It is wielding a battleaxe.
The tengu warrior shouts!
Read which item? (? for menu, Esc to quit)
Okay, then.
Drink which item? (? for menu, Esc to quit)
Okay, then.
Read which item? (? for menu, Esc to quit)
As you read the scroll of teleportation, it crumbles to dust.
You feel strangely unstable.
The white ugly thing basks in the mutagenic energy from its kin and changes!
You block the deep troll's attack.
The deep troll claws you but does no damage. x2
The ettin completely misses you. The ettin hits you with a dire flail!!
You die...

#####################
.....................
.....................
.....................
...........u..∩......
.....T.....uu........
.....T.T.uuT@C.......
.........uu†u......Q.
####################.


You could see an iron troll, 8 ugly things, an ettin, a tengu warrior, a deep
troll and 2 deep troll shamans.

Vanquished Creatures
  Rupert (D:14)
  A titan (D:15)
  A tengu reaver (D:15)
  Donald (D:14)
  A frost giant (Depths:1)
  2 stone giants
  2 spark wasps (Depths:1)
  An ettin (D:15)
  2 fire dragons (D:15)
  Josephine (D:13)
  An ice dragon (D:15)
  4 hydras
  A rakshasa (Depths:1)
  A catoblepas (D:14)
  3 centaur warriors (D:14)
  A tengu warrior (D:14)
  A deep troll shaman (Depths:1)
  5 skeletal warriors (D:14)
  A deep troll (shapeshifter) (Depths:1)
  A giant orange brain (D:15)
  3 hill giants (D:15)
  A necromancer (IceCv)
  3 orc knights
  2 deep elf magi
  A griffon (D:14)
  7 ugly things
  A manticore (D:15)
  A salamander (D:15)
  An orc sorcerer (D:15)
  A cyclops (D:15)
  3 ice statues (IceCv)
  2 gargoyles
  2 spectral swamp worms
  3 freezing wraiths (D:15)
  6 yaktaurs
  9 ice devils (IceCv)
  2 efreet (D:15)
  2 tengu conjurers
  3 trolls
  A wolf spider simulacrum (D:15)
  A two-headed ogre (D:12)
  5 slime creatures
  A centaur simulacrum (D:15)
  A spriggan (shapeshifter) (Depths:1)
  A vampire (D:15)
  3 shadows
  6 wraiths (D:13)
  29 yaks
  13 humans (D:14)
  A steam dragon (shapeshifter) (D:15)
  A wyvern (D:14)
  2 hippogriffs
  2 basilisks
  3 hungry ghosts
  16 vampire mosquitoes
  A soldier ant (D:14)
  A mottled dragon (D:14)
  4 porcupines (D:9)
  A water moccasin (D:5)
  A black bear (D:12)
  2 ice beasts
  5 orc warriors
  A sky beast (D:11)
  A wasp (D:11)
  2 necrophages
  3 boggarts (D:14)
  5 phantoms
  5 ogres
  3 crocodiles
  13 centaurs
  4 big kobolds
  An elf zombie (Ossuary)
  7 giant frogs
  A gnoll sergeant (D:10)
  The ghost of pedritolo the Scratcher, an amateur FeTm (D:3)
  14 killer bees
  A scorpion (D:9)
  A troll zombie (Ossuary)
  9 wights (D:12)
  2 howler monkeys
  10 crimson imps
  A giant frog zombie (D:9)
  3 draconian simulacra (IceCv)
  A hound (D:14)
  3 centaur zombies
  3 jellies
  7 orc priests
  2 giant frog skeletons
  10 orc wizards
  4 centaur skeletons
  A gnoll shaman (D:8)
  A human zombie (Ossuary)
  4 iguanas
  Terence (D:2)
  5 troll simulacra (IceCv)
  6 worker ants
  A killer bee zombie (D:5)
  2 ogre zombies (Ossuary)
  4 sheep (D:15)
  2 hound skeletons (D:10)
  7 mummies (Ossuary)
  Robin (D:4)
  9 adders
  17 gnolls
  2 naga simulacra (IceCv)
  5 river rats (D:9)
  4 shadow imps
  2 oozes
  7 adder zombies
  2 worms (D:5)
  A dart slug (D:1)
  5 giant geckos
  33 orcs
  A ball python (D:1)
  A bat zombie (D:9)
  4 giant cockroaches
  21 goblins
  21 hobgoblins
  12 jackals
  5 quokkas
  7 bats
  A giant gecko zombie (D:8)
  7 giant newts
  A gnoll zombie (Ossuary)
  6 goblin zombies (Ossuary)
  A hobgoblin zombie (Ossuary)
  A jackal zombie (D:5)
  43 kobolds
  A kobold zombie (Ossuary)
  2 quokka zombies (Ossuary)
  8 rats
  7 rat zombies (Ossuary)
  2 plants (D:9)
578 creatures vanquished.

Vanquished Creatures (collateral kills)
  4 yaks (D:9)
  A crimson imp (D:6)
  A worker ant zombie (D:6)
  A giant gecko (D:6)
7 creatures vanquished.

Vanquished Creatures (others)
  A stone giant (Depths:1)
  A human (D:14)
  2 centaurs
  6 plants
10 creatures vanquished.

Grand Total: 595 creatures vanquished

Notes
Turn   | Place    | Note
--------------------------------------------------------------
     0 | D:1      | namelastname112 the Draconian Berserker began the quest for the Orb.
     0 | D:1      | Reached XP level 1. HP: 19/19 MP: 1/1
   271 | D:1      | Reached XP level 2. HP: 26/26 MP: 2/2
   535 | D:1      | Reached XP level 3. HP: 23/31 MP: 3/3
   575 | D:1      | Reached ** piety under Trog
   576 | D:1      | namelastname112: man
   576 | D:1      | namelastname112: this is so tiring
   576 | D:1      | namelastname112: really
  1026 | D:2      | Reached skill level 4 in Long Blades
  1253 | D:2      | Reached XP level 4. HP: 40/40 MP: 4/4
  1533 | D:2      | Found a blossoming altar of Fedhas.
  1535 | D:2      | Noticed Terence
  1581 | D:2      | Killed Terence
  1581 | D:2      | Reached *** piety under Trog
  1581 | D:2      | Reached XP level 5. HP: 34/46 MP: 5/5
  2045 | D:3      | Reached skill level 5 in Long Blades
  2065 | D:3      | Noticed pedritolo's ghost (amateur FeTm)
  2079 | D:3      | Killed pedritolo's ghost
  2653 | D:3      | Reached XP level 6. HP: 51/53 MP: 6/6
  3389 | D:4      | Found a staircase to the Ecumenical Temple.
  3757 | D:4      | Reached **** piety under Trog
  3757 | D:4      | Reached skill level 6 in Long Blades
  3763 | D:4      | Noticed Robin
  3775 | D:4      | Killed Robin
  3933 | D:4      | Reached skill level 5 in Fighting
  4033 | D:4      | Your scales start taking on a dull iron-grey colour.
  4033 | D:4      | Reached XP level 7. HP: 58/61 MP: 7/7
  4033 | D:4      | Gained mutation: You can survive without breathing. [Grey Draconian growth]
  4041 | D:4      | Vulkandrache: i wasnt watching
  4041 | D:4      | Vulkandrache: what you mean
  4041 | D:4      | namelastname112: doing duhz
  4156 | D:4      | Vulkandrache: duhz?
  4162 | D:4      | namelastname112: dungeon -> depths -> hell -> zot
  4162 | D:4      | namelastname112: not allowed to go anywhere e;se
  4162 | D:4      | namelastname112: except portals and temple
  4234 | D:4      | Found a shattered altar of Ashenzari.
  4335 | D:4      | Found a bloodstained altar of Trog.
  4569 | D:4      | Vulkandrache: that sound like something a masochist would do
  4842 | D:4      | namelastname112: well
  4842 | D:4      | namelastname112: i did some crazy stuff
  4842 | D:4      | namelastname112: i think i can do it
  4880 | D:5      | Entered Level 5 of the Dungeon
  5002 | D:5      | Vulkandrache: i got time to watch, get to it
  5011 | D:5      | Reached skill level 7 in Long Blades
  5038 | D:5      | HP: 3/62 [poisoned by a water moccasin]
  5776 | D:5      | Got a pair of heavily runed boots
  5789 | D:5      | Identified the +0 pair of boots of Fedhas's Approval {rF- rC+ rCorr Stlth+} (You found it on level 5 of the Dungeon)
  5920 | D:6      | Reached XP level 8. HP: 69/70 MP: 8/8
  5960 | D:6      | Identified a +0 pair of boots of running (You found it on level 6 of the Dungeon)
  6024 | D:6      | Noticed namelastname112's ghost (novice DrBe)
  6083 | D:6      | Reached skill level 5 in Dodging
  6451 | D:7      | Found a stormy altar of Qazlal.
  6928 | D:7      | Reached skill level 8 in Long Blades
  7397 | D:8      | Found a sand-covered staircase.
  7404 | Ossuary  | Entered an ossuary
  8090 | Ossuary  | Gained mutation: You are covered in fur (AC +1). [potion of beneficial mutation]
  8190 | D:8      | Reached skill level 9 in Long Blades
  8594 | D:9      | Reached XP level 9. HP: 78/78 MP: 9/9
  8677 | D:9      | Found an oddly glowing altar of Pakellas.
  8715 | D:9      | Reached skill level 10 in Long Blades
  8744 | D:9      | Received a gift from Trog
  8934 | D:9      | Noticed a seven-headed hydra
  9131 | D:9      | Found a sparkling altar of Nemelex Xobeh.
  9170 | D:9      | Reached XP level 10. HP: 73/89 MP: 10/10
  9189 | D:9      | Found a staircase to the Orcish Mines.
  9347 | D:9      | Found a radiant altar of Vehumet.
  9362 | D:9      | Found a glowing golden altar of the Shining One.
  9382 | D:9      | Found a staircase to the Lair.
  9690 | D:9      | Found a white marble altar of Elyvilon.
  9757 | D:9      | Found an opulent altar of Gozag.
  9792 | D:9      | Killed a ten-headed hydra
  9792 | D:9      | Reached skill level 11 in Long Blades
 10343 | D:9      | Found an ancient bone altar of Kikubaaqudgha.
 10415 | D:9      | Noticed a seven-headed hydra
 11031 | D:10     | Entered Level 10 of the Dungeon
 11435 | D:10     | Reached skill level 12 in Long Blades
 11527 | D:10     | Noticed a gargoyle
 11556 | D:10     | Killed a gargoyle
 11741 | D:10     | Reached skill level 1 in Shields
 11909 | D:11     | Reached ***** piety under Trog
 12098 | D:11     | Reached XP level 11. HP: 75/98 MP: 11/11
 12509 | D:11     | Received a gift from Trog
 12668 | D:12     | Noticed a deep elf mage
 12677 | D:12     | Killed a deep elf mage
 13084 | D:12     | Reached skill level 10 in Fighting
 13576 | D:12     | Noticed an eight-headed hydra
 13624 | D:11     | Vulkandrache: no luck with dem hydras this time?
 13839 | D:11     | namelastname112: shitty weapon
 13862 | D:11     | Reached skill level 13 in Long Blades
 14162 | D:12     | Found a white marble altar of Elyvilon.
 14800 | D:13     | Noticed Josephine
 14809 | D:13     | Killed Josephine
 14809 | D:13     | Reached XP level 12. HP: 107/107 MP: 12/12
 16162 | D:14     | Reached skill level 5 in Shields
 16180 | D:14     | Noticed Norris
 16182 | D:14     | Noticed Rupert
 16183 | D:14     | Noticed a tengu warrior
 16185 | D:14     | Noticed a centaur warrior
 16343 | D:14     | Noticed a centaur warrior
 16352 | D:14     | Killed a centaur warrior
 16360 | D:14     | Reached skill level 14 in Long Blades
 16711 | D:14     | Killed a tengu warrior
 16962 | D:14     | Noticed a catoblepas
 16991 | D:14     | HP: 6/163 [catoblepas (26)]
 16992 | D:14     | Killed a catoblepas
 17451 | D:14     | Noticed Donald
 17486 | D:14     | Killed Donald
 17486 | D:14     | Reached skill level 10 in Dodging
 17625 | D:14     | Killed a centaur warrior
 17645 | D:14     | Reached XP level 13. HP: 72/116 MP: 13/13
 17959 | D:14     | Paralysed by Norris for 4 turns
 18328 | D:14     | Reached skill level 15 in Long Blades
 18407 | D:14     | Received a gift from Trog
 18506 | D:14     | Killed Rupert
 18663 | D:14     | Found a gate to the Vaults.
 18859 | D:15     | Entered Level 15 of the Dungeon
 18892 | D:15     | Found a frozen archway.
 18917 | D:15     | Got a slimy pewter ring
 18960 | IceCv    | Entered an ice cave
 18964 | IceCv    | Identified the ring "Baituw" {Ice rPois rN+ Stlth+} (You found it on level 15 of the Dungeon)
 20707 | D:15     | Reached skill level 16 in Long Blades
 20713 | D:15     | Received a gift from Trog
 21099 | D:15     | Reached XP level 14. HP: 111/126 MP: 14/14
 21693 | D:15     | Found a staircase to the Depths.
 21853 | Depths:1 | Entered Level 1 of the Depths
 21858 | Depths:1 | Noticed a stone giant
 22032 | Depths:1 | Noticed a tengu reaver
 22332 | Depths:1 | Noticed a stone giant
 22435 | D:15     | Killed a stone giant
 22798 | D:15     | Killed a tengu reaver
 22993 | Depths:1 | Noticed a frost giant
 23009 | Depths:1 | Killed a frost giant
 23095 | Depths:1 | Noticed a titan
 23095 | Depths:1 | Noticed a titan
 23095 | Depths:1 | Noticed a titan
 23430 | D:15     | Killed a titan
 23764 | Depths:1 | Identified a scroll of acquirement
 23785 | Depths:1 | Noticed a stone giant
 23788 | Depths:1 | Killed a stone giant
 23818 | Depths:1 | Noticed a stone giant
 24148 | Depths:1 | Killed a stone giant
 24349 | Depths:1 | Found a gateway to Hell.
 24381 | Depths:1 | Noticed namelastname112's ghost (journeyman DrBe)
 24385 | Depths:1 | Noticed a brown very ugly thing
 24385 | Depths:1 | Noticed a brown very ugly thing
 24386 | Depths:1 | Noticed a brown very ugly thing
 24386 | Depths:1 | Noticed a brown very ugly thing
 24388 | Depths:1 | Noticed a brown very ugly thing
 24391 | Depths:1 | Found a gateway to a ziggurat.
 24501 | Depths:1 | Reached skill level 17 in Long Blades
 24516 | Depths:1 | namelastname112: yep
 24516 | Depths:1 | namelastname112: dead
 24516 | Depths:1 | Demolished by an ettin

Vault maps used:
D:1:      evilmike_arrival_fibonacci_small, serial_bayou_lake_a
D:2:      fedhas_altar_3, first_bread, uniq_terence
D:4:      corexii_shantytown, lemuel_doored_altar, lemuel_round_altar,
          minmay_temple_entry_purple_smoke, uniq_robin
D:6:      lemuel_round_altar, serial_shops, shop, tgw_xom, uniq_edmund
D:7:      grunt_qazlal_sundering
D:8:      nicolae_ossuary_entry_monument
D:9:      kennysheep_kobold_camp, vehumet_crystals,
          lemuel_zombie_altar_kikubaaqudgha, grunt_pakellas_salt,
          nicolae_gozag_cash_rules_everything_around_me, nemelex_deck,
          nicolae_overflow_hidden_temple, lemuel_crystal_altar,
          minmay_lair_entry_grove, serial_glass, glass_columns_c,
          glass_columns_b, glass_columns_a, glass_columns_b, glass_columns_a,
          glass_columns_b, glass_columns_c, glass_columns_c, feat_on_display,
          minmay_strange_pillars, feat_on_display, item_on_display_a
D:10:     grunt_tengu_nest
D:12:     elyvilon_altar_5
D:13:     minmay_misc_feat_room, hangedman_decor_lopped, uniq_josephine
D:14:     lemuel_ice_spiral_2, david_vaults_3, minmay_misc_feat_pillars,
          kennysheep_generic_room_6
D:15:     grunt_enter_depths_hoard, nicolae_benzene_ring,
          portal_ice_cave_entry_frozen_things
Depths:1: enter_ziggurat_e, minmay_misc_feat_ornament, pf_hell_entry_tar_river,
          item_on_display_a, kennysheep_random_hallway, grunt_megastairs_5
Ossuary:  ossuary_boxes_badplayer
IceCv:    ice_cave_tombish

Skill      XL: |  1  2  3  4  5  6  7  8  9 10 11 12 13 14 |
---------------+-------------------------------------------+-----
Dodging        | 3 4 5 6 8 9 10 11 | 11.7
Long Blades    | 4 5 6 7 9 10 12 13 14 16 17 | 17.0
Fighting       | 4 5 7 8 9 10 11 12 13 | 13.4
Shields        | 1 4 6 8 9 |  9.6

Action                   |  1- 3 |  4- 6 |  7- 9 | 10-12 | 13-15 || total
-------------------------+-------+-------+-------+-------+-------++-------
Melee: Falchion          |   124 |   271 |   577 |    17 |       ||   989
       Long sword        |       |       |       |   596 |       ||   596
       Scimitar          |       |       |       |   396 |   782 ||  1178
Throw: Throwing net      |       |       |       |     1 |       ||     1
Invok: Berserk           |     1 |     4 |     7 |    13 |    17 ||    42
       Trog's Hand       |       |       |     5 |     3 |     4 ||    12
       Brothers in Arms  |       |       |     2 |     1 |       ||     3
       Burn Spellbooks   |       |       |       |     1 |     2 ||     3
Evoke: Deck              |       |       |     2 |     4 |       ||     6
       Wand              |       |       |     2 |     9 |     4 ||    15
  Use: Scroll            |       |       |    12 |    18 |    15 ||    45
       Potion            |       |       |     3 |       |       ||     3
 Stab: Sleeping          |     1 |     1 |     5 |       |     3 ||    10
       Distracted        |       |       |       |     2 |       ||     2
  Eat: Chunk             |     1 |    15 |     9 |    22 |    22 ||    69
       Beef jerky        |       |       |     3 |     1 |       ||     4
       Meat ration       |       |       |     1 |     2 |     2 ||     5
       Fruit             |       |       |     1 |       |     5 ||     6
       Bread ration      |       |       |     1 |     2 |       ||     3
       Royal jelly       |       |       |       |       |     1 ||     1
       Pizza             |       |       |       |       |     1 ||     1
